[Event "Champions Chess Tour Finals 2024"]
[Date "2024.12.18"]
[White "Keymer, Vincent"]
[Black "So, Wesley"]
[WhiteElo "2649"]
[BlackElo "2826"]
[Round "4.2"]
[Result "1-0"]
[TimeControl "600+2"]

1. c4 e5 2. d3 Nf6 3. Nf3 Nc6 4. a3 a5 5. Nc3 d5 6. cxd5 Nxd5 7. e4 Nxc3 8.
bxc3 Bc5 9. Be2 O-O 10. O-O Bg4 11. h3 Bh5 12. g4 Bg6 13. a4 b6 14. Qb3 Kh8 15.
Bb2 f6 16. Rad1 Bd6 17. Qc2 Qe8 18. Nh4 Nd8 19. Bc1 Ne6 20. Nf5 Rd8 21. Be3 Nc5 22. Ra1 Ne6 23. d4 exd4 24. cxd4 Nf4 25. Bb5 Qe6 26. Nxd6 Qxd6 27. f3 Nd5 28. Bf2 Nf4 29. Kh1 Nxh3 30. Be3 Ng5 31. Rac1 Rc8 32. Qh2 Qe7 33. Kg1 Be8 34. Ba6 Ra8 35. Rxc7 Qa3 36. Bxg5 fxg5 37. Qe5 Bf7 38. Bc4 Qe3+ 39. Kg2 Rae8 40. Rxf7 Rg8 41. Qd6 Rc8 42. Qd5 Rgd8 43. Rd7 Rg8 44. Rf2 h6 45.
Qe6 Qc3 46. Bd5 Qa1 47. Qf7 Rcf8 48. Qg6 Rf6 49. Qh5 Rgf8 50. Qh3 Qxd4 51. Qg3 Qxa4 52. Ra7 Qd4 53. Rd7 a4 54. e5 Rf4 55.
e6 Re8 56. Re2 a3 57. e7 Rf6 58. Rd8 Qa4 59. Qb8 1-0

[Variant "Standard"]
[Site "Europe Echecs"]

[Event "Champions Chess Tour Finals 2024"]
[Date "2024.12.18"]
[White "Vachier-Lagrave, Maxime"]
[Black "Carlsen, Magnus"]
[WhiteElo "2763"]
[BlackElo "2838"]
[Round "4.2"]
[Result "1-0"]
[TimeControl "600+2"]

1. e4 e5 2. Nf3 Nc6 3. Bb5 a6 4. Ba4 Nf6 5. O-O Be7 6. d3 b5 7. Bb3 O-O 8.
Nc3 d6 9. a3 Rb8 10. h3 h6 11. Be3 Re8 12. Ne2 Bf8 13. c3 d5 14. Bc2 dxe4 15.
dxe4 Qxd1 16. Rfxd1 Na5 17. b3 Be6 18. Nc1 Nd7 19. Nd2 c5 20.
b4 Nb7 21. Nf3 Rec8 22. Bb3 c4 23. Bc2 a5 24. Ne2 Ra8 25. Nh4 Ra6 26. f4 exf4 27.
Nxf4 Ne5 28. Nf3 Nxf3+ 29. gxf3 Rca8 30. Rac1 axb4 31. axb4 Ra3 32. Bd4 Nd8 33. e5 g5 34. Nh5 Nc6 35. Be4 Nxd4 36. cxd4 Rd8 37. d5 Bxh3 38. d6 Bg7 39. Rd5 Bd7 40. Rc5 Bh8 41. Kf2 Kf8 42. Re1 Ra2+ 43. Kg3 Re8 44. Nf6 Bxf6 45. exf6 Re6 46. Rc7 Rxd6 47. Rh1 Rxf6 48. Rxd7 Rb2 49. Rb1 Rxb1 50. Bxb1 Ra6 51. Rb7 c3 52.
Rxb5 Ra1 53. Be4 Ra4 54. Kg4 Kg7 55. Rb6 Ra2 56. Rc6 Rb2 57. Rc4 Kf6 58. f4 gxf4 59. Kxf4 h5 60. Bd3 h4 61. b5 h3 62. Rxc3 h2 63. Rc6+ Ke7 64.
Rh6 f6 65. Ke4 Ke6 66. Bc4+ Kd6 67. Kd4 Rf2 68. Bd3 Ke6 69.
Be4 Rb2 70. Kc5 Ke5 71. Bc6 Rc2+ 72. Kb6 f5 73. Kc7 f4 74.
b6 f3 75. b7 f2 76. b8=Q f1=Q 77. Qh8+ 1-0

[Variant "Standard"]
[Site "Europe Echecs"]

[Event "Champions Chess Tour Finals 2024"]
[Date "2024.12.18"]
[White "Aronian, Levon"]
[Black "Lazavik, Denis"]
[WhiteElo "2818"]
[BlackElo "2553"]
[Round "4.2"]
[Result "1-0"]
[TimeControl "600+2"]

1. e4 e5 2. Bc4 Nf6 3. d3 Nc6 4. Nc3 Bb4 5. Nf3 d5 6. exd5 Nxd5 7. O-O Bxc3 8.
bxc3 O-O 9. Bd2 Bg4 10. Rb1 Nb6 11. Bb3 Qd6 12. Qe2 Kh8 13. h3 Bh5 14. g4 Bg6 15.
Nh4 Rae8 16. Rbe1 f5 17. Kh1 f4 18. Nxg6+ Qxg6 19. Qe4 Qh6 20. Kh2 Nc8 21. f3 Nd6 22. Qe2 Nd8 23. Qg2 N8f7 24. Re2 Qf6 25. Be1 Ng5 26. h4 Ne6 27. Bf2 e4 28. dxe4 Qxc3 29. Rd1 Nf7 30. Rd3 Qf6 31. Rd5 c6 32. Rf5 Qe7 33. g5 Nd6 34. Qg4 Nc7 35. Rxf4 Rxf4 36. Qxf4 Rf8 37. Qg4 Nf7 38. f4 Nb5 39. e5 Nc3 40. Re3 Nd5 41. Rf3 Nd8 42.
Bg3 Nf7 43. e6 Nd6 44. f5 Rxf5 45. Bxd5 Rxd5 46. c4 Rd2+ 47. Kh3 Kg8 48. c5 Ne8 49. Qf5 Rxa2 50. Bd6 Nxd6 51. cxd6 Qe8 52. d7 1-0

[Variant "Standard"]
[Site "Europe Echecs"]

[Event "Champions Chess Tour Finals 2024"]
[Date "2024.12.18"]
[White "So, Wesley"]
[Black "Keymer, Vincent"]
[WhiteElo "2826"]
[BlackElo "2649"]
[Round "4.3"]
[Result "1/2-1/2"]
[TimeControl "600+2"]

1. c4 e6 2. g3 d5 3. Bg2 d4 4. Nf3 Nf6 5. d3 Nc6 6. O-O Bc5 7. Nbd2 O-O 8.
Nb3 Be7 9. e3 dxe3 10. Bxe3 Ng4 11. Bc5 Bxc5 12. Nxc5 b6 13. Nb3 Bb7 14. d4 Rb8 15. Qe2 Nf6 16. Rad1 Ne7 17. Rfe1 Ng6 18. h4 Qc8 19. Bh3 Qe8 20. Ng5 h6 21. h5 Ne7 22. Nf3 Nc6 23. Nh4 a5 24. Rd2 a4 25. Na1 Na5 26. b4 axb3 27. axb3 b5 28. d5 exd5 29. Qd1 Qd8 30. cxb5 Bc8 31. Bxc8 Qxc8 32. Qf3 Re8 33. Rxe8+ Qxe8 34. Re2 Qxb5 35. Nf5 Nxb3 36. Nc2 d4 37. Re7 Nd2 38.
Nxh6+ Kh7 39. Qd1 Qd3 40. Nxf7 Rb1 41. Ng5+ Kh6 42. Nf7+ Kh7 43. Ng5+ Kh6 44. Nf7+ 1/2-1/2

[Variant "Standard"]
[Site "Europe Echecs"]

[Event "Champions Chess Tour Finals 2024"]
[Date "2024.12.18"]
[White "Vachier-Lagrave, Maxime"]
[Black "Carlsen, Magnus"]
[WhiteElo "2763"]
[BlackElo "2838"]
[Round "4.3"]
[Result "1/2-1/2"]
[TimeControl "600+2"]

1. e4 e5 2. Nf3 Nc6 3. Bb5 a6 4. Ba4 Nf6 5. O-O Be7 6. d3 b5 7. Bb3 O-O 8.
Nc3 d6 9. a3 Rb8 10. h3 h6 11. Ne2 Re8 12. Ng3 Bf8 13. c3 Be6 14. Bc2 d5 15.
b4 dxe4 16. dxe4 Qxd1 17. Rxd1 Red8 18. Rxd8 Rxd8 19. a4 Ne8 20.
axb5 axb5 21. Ra6 Bd7 22. Nf1 Nd6 23. Ne3 f6 24. Nd2 Ne7 25. Nb3 Bc6 26. Nc5 Ra8 27.
Bb3+ Kh7 28. Rxa8 Bxa8 29. Ne6 Ng6 30. f3 c6 31. Nf5 Nc4 32. Nxf8+ Nxf8 33. Bxc4 bxc4 34. Nd6 Ne6 35. Be3 g5 36. Nxc4 Bb7 37. Na5 Ba8 38. Kf2 Kg6 39. Ke2 h5 40. g4 h4 41. Kd3 Kf7 42. Kc4 Ke7 43. b5 cxb5+ 44. Kxb5 Kd7 45. c4 Nd8 46. Kb6 Bc6 47. Nxc6 Nxc6 48. c5 Nd8 49.
Bd2 Nc6 50. Bc3 Nd8 51. Kb5 Nc6 52. Ka6 Kc7 53. Kb5 Kd7 54. Kb6 Nd8 55. Be1 Nc6 56. Bc3 Nd8 57. f4 exf4 58. Bxf6 f3 59. Bd4 Nc6 60. Be3 Ne5 61. Kb7 Nc6 1/2-1/2

[Variant "Standard"]
[Site "Europe Echecs"]

[Event "Champions Chess Tour Finals 2024"]
[Date "2024.12.18"]
[White "Lazavik, Denis"]
[Black "Aronian, Levon"]
[WhiteElo "2553"]
[BlackElo "2818"]
[Round "4.3"]
[Result "0-1"]
[TimeControl "600+2"]

1. Nf3 Nf6 2. b3 c5 3. Bb2 Nc6 4. e3 g6 5. Bb5 Bg7 6. O-O O-O 7. Re1 d6 8. d4 cxd4 9. exd4 Bg4 10. Nbd2 Rc8 11. h3 Bf5 12. a3 a6 13. Bf1 d5 14. c3 Ne4 15.
Nh4 e6 16. Nxf5 exf5 17. Nf3 Qb6 18. b4 Na5 19. Rc1 Nc4 20. Bxc4 Rxc4 21. Nd2 Rc6 22. Nb3 Qc7 23. Nc5 a5 24. b5 Rd6 25. a4 Rc8 26. Nd3 Rdd8 27. f3 Nd6 28. Ra1 Bh6 29. Bc1 Bxc1 30. Rxc1 Nc4 31. Qe2 Qd6 32.
Nc5 Rc7 33. Qf2 b6 34. Nd3 Re7 35. Rxe7 Qxe7 36. Re1 Qg5 37. h4 Qf6 38. Nf4 Qd6 39. g3 Qa3 40. Qc2 Kf8 41. Kf2 Qb2 42. Qe2 Rd6 43. h5 g5 44. Nd3 Qxe2+ 45. Rxe2 Re6 46. Ne5 Nxe5 47. dxe5 f4 48. gxf4 gxf4 49. c4 dxc4 50. Re4 c3 51. Ke2 f5 52.
Rxf4 Rxe5+ 53. Kd3 Rc5 54. Kc2 Ke7 55. Rd4 Re5 56. Kxc3 Re3+ 57. Kc4 Rxf3 58. Kd5 Rc3 59. Ke5 Rc5+ 60. Kf4 h6 61. Rd2 Ke6 62.
Rg2 Rc4+ 63. Ke3 Rg4 64. Rc2 Rxa4 65. Rc6+ Ke5 66. Rxh6 Rh4 67. Rh8 a4 68. h6 Kf6 69. Rb8 a3 70. Rxb6+ Ke5 71. Ra6 a2 72.
b6 Rh3+ 73. Kd2 Kd6 74. Rxa2 Rh2+ 75. Kc3 Rxa2 0-1

[Variant "Standard"]
[Site "Europe Echecs"]

[Event "Champions Chess Tour Finals 2024"]
[Date "2024.12.18"]
[White "Nepomniachtchi, Ian"]
[Black "Lazavik, Denis"]
[WhiteElo "2758"]
[BlackElo "2553"]
[Round "5.1"]
[Result "1-0"]
[TimeControl "600+2"]

1. e4 e5 2. Nf3 Nc6 3. Bc4 Nf6 4. d3 Be7 5. O-O O-O 6. a4 d5 7. exd5 Nxd5 8.
h3 Kh8 9. Re1 f6 10. a5 Bf5 11. Nbd2 a6 12. Nb3 b5 13. axb6 Nxb6 14. Nfd2 Nxc4 15. Nxc4 Be6 16. Be3 Qd5 17. Nbd2 f5 18. f3 Bh4 19. Rf1 a5 20.
Bf2 Bf6 21. Re1 a4 22. Nb1 Qd7 23. Nc3 e4 24. Nxa4 Bxc4 25. dxc4 Qxd1 26. Rexd1 exf3 27. c3 fxg2 28. Nc5 Rxa1 29. Rxa1 Ne5 30. Ne6 Rc8 31. c5 Kg8 32. Ra7 c6 33. Kxg2 Re8 34. Nd4 Nd3 35. b4 Re4 36. b5 cxb5 37.
c6 Re8 38. Nxb5 Nxf2 39. Kxf2 Be5 40. Rd7 h5 41. c4 g5 42. c7 Bxc7 43. Nxc7 Re4 44. c5 Rc4 45. Ne6 g4 46. hxg4 hxg4 47. Kg3 Rc3+ 48. Kf4 Rf3+ 49. Ke5 g3 50. Kf6 g2 51. Rd8+ 1-0

[Variant "Standard"]
[Site "Europe Echecs"]

[Event "Champions Chess Tour Finals 2024"]
[Date "2024.12.18"]
[White "Firouzja, Alireza"]
[Black "Carlsen, Magnus"]
[WhiteElo "2756"]
[BlackElo "2838"]
[Round "5.1"]
[Result "1/2-1/2"]
[TimeControl "600+2"]

1. e4 e5 2. Nf3 Nc6 3. Bc4 Nf6 4. d3 Be7 5. O-O O-O 6. Nc3 d6 7. a4 a5 8. Re1 h6 9. h3 Re8 10. Ne2 Bf8 11. Ng3 Be6 12. Bb5 Bd7 13. c3 Ne7 14. d4 Bxb5 15.
axb5 exd4 16. Nxd4 Ng6 17. c4 c6 18. bxc6 bxc6 19. Nxc6 Qc7 20. Qa4 d5 21. cxd5 Nxd5 22. Bd2 Ndf4 23. Qb5 Nxg2 24. Kxg2 Qd7 25. Be3 Nh4+ 26. Kf1 Rab8 27. Qd5 Qxh3+ 28. Ke2 Rxb2+ 29. Kd3 Ng2 30. Re2 Rb7 31. Qf5 Qh4 32. Rh1 Nxe3 33. Rxe3 Qg5 34. Qxg5 hxg5 35. Nxa5 Rd8+ 36. Ke2 Rb2+ 37. Kf3 Bc5 38. Nc4 Rc2 39. Ne5 Bxe3 40. fxe3 f6 41. Ng4 Kf7 42. e5 Ke6 43. exf6 gxf6 44. Rh6 Rf8 45. Ne4 Ke7 46. Rxf6 Rxf6+ 47. Nexf6 Ke6 48. Ne4 Ra2 49. Ngf2 g4+ 50. Kxg4 Ra3 51. Nd3 Rxd3 52. Nc5+ Ke5 53. Nxd3+ Ke4 54. Nf2+ Kxe3 1/2-1/2

[Variant "Standard"]
[Site "Europe Echecs"]

[Event "Champions Chess Tour Finals 2024"]
[Date "2024.12.18"]
[White "Vachier-Lagrave, Maxime"]
[Black "Keymer, Vincent"]
[WhiteElo "2763"]
[BlackElo "2649"]
[Round "5.1"]
[Result "1-0"]
[TimeControl "600+2"]

1. e4 e5 2. Nf3 Nc6 3. Nc3 Nf6 4. Bb5 Bb4 5. O-O O-O 6. d3 Bxc3 7. bxc3 d6 8.
Bg5 h6 9. Bh4 a6 10. Bxc6 bxc6 11. Rb1 c5 12. c4 Bg4 13.
h3 Bxf3 14. Qxf3 g5 15. Bg3 Kg7 16. Rb3 Qd7 17. Rfb1 Ng8 18. c3 Ne7 19. d4 cxd4 20. cxd4 exd4 21. e5 dxe5 22. Bxe5+ f6 23. Bxf6+ Kg6 24. Qe4+ Qf5 25. Qxe7 Rxf6 26. Rf1 d3 27. Qxc7 Re8 28.
Rb7 Rf7 29. Qc6+ Re6 30. Qc8 Rxb7 31. Qxb7 Rd6 32. Qb8 Qe6 33.
c5 Rd7 34. Rd1 d2 35. Qb6 Kf7 36. Qxe6+ Kxe6 37. Kf1 Rd5 38. Ke2 Rxc5 39. Rxd2 Ra5 40. Kd3 h5 41. Kc4 g4 42. hxg4 hxg4 43. Re2+ Kf6 44. g3 Rf5 45. a4 Kf7 46. Re4 Rxf2 47. Rxg4 Rc2+ 48. Kb4 Rc6 49. Ka5 Ke7 50. Rg7+ Kf6 51. Rb7 Rc3 52. g4 Rg3 53.
Rb4 Ke6 54. Kxa6 Kf7 55. a5 Kg7 56. Kb7 Re3 57. a6 Re7+ 58. Kb6 Re6+ 59. Ka5 Re5+ 60. Rb5 Re1 61. a7 1-0

[Variant "Standard"]
[Site "Europe Echecs"]

[Event "Champions Chess Tour Finals 2024"]
[Date "2024.12.18"]
[White "Lazavik, Denis"]
[Black "Nepomniachtchi, Ian"]
[WhiteElo "2553"]
[BlackElo "2758"]
[Round "5.2"]
[Result "1-0"]
[TimeControl "600+2"]

1. Nf3 d5 2. b3 Nf6 3. Bb2 e6 4. e3 Be7 5. g4 O-O 6. g5 Ne4 7. h4 c5 8. Nc3 Nxc3 9. dxc3 Nc6 10. c4 Qa5+ 11. Qd2 Qxd2+ 12. Nxd2 d4 13. exd4 cxd4 14. O-O-O e5 15. Bg2 f6 16. gxf6 Rxf6 17. Bd5+ Kh8 18. Rde1 Bd7 19. Ne4 Rf4 20. Kb1 Raf8 21. h5 h6 22. Bc1 R4f5 23. a3 Be8 24. b4 Rxh5 25.
Rxh5 Bxh5 26. b5 Nd8 27. c5 Bf7 28. Bxf7 Nxf7 29. Bd2 Rc8 30. Bb4 Kg8 31. Kb2 a5 32. bxa6 bxa6 33. Kb3 Nd8 34. Kc4 Nc6 35.
Kd5 Kf7 36. Bd2 Ke8 37. Rg1 Bf8 38. Nd6+ Bxd6 39. cxd6 g5 40. Rh1 Nd8 41. Rxh6 Rxc2 42. Rh8+ Kd7 43. Rh7+ Kc8 44. Bxg5 d3 45.
Rh8 d2 46. Rxd8+ Kb7 47. Bxd2 Rxd2+ 48. Ke6 Rxf2 49. d7 1-0

[Variant "Standard"]
[Site "Europe Echecs"]

[Event "Champions Chess Tour Finals 2024"]
[Date "2024.12.18"]
[White "Aronian, Levon"]
[Black "So, Wesley"]
[WhiteElo "2818"]
[BlackElo "2826"]
[Round "5.2"]
[Result "1-0"]
[TimeControl "600+2"]

1. e4 d6 2. d4 Nf6 3. Nc3 g6 4. Nf3 Bg7 5. Be2 O-O 6. O-O c6 7. a4 Qc7 8. Be3 e5 9. dxe5 dxe5 10. Bc4 Nbd7 11. h3 a5 12. Qd2 Re8 13. Rad1 Bf8 14. Ng5 Re7 15. f4 exf4 16. Bxf4 Ne5 17. Qf2 Kg7 18.
Nxf7 Rxf7 19. Bxf7 Kxf7 20. Bg5 1-0

[Variant "Standard"]
[Site "Europe Echecs"]

[Event "Champions Chess Tour Finals 2024"]
[Date "2024.12.18"]
[White "Keymer, Vincent"]
[Black "Vachier-Lagrave, Maxime"]
[WhiteElo "2649"]
[BlackElo "2763"]
[Round "5.2"]
[Result "1/2-1/2"]
[TimeControl "600+2"]

1. c4 Nf6 2. Nf3 c5 3. b3 g6 4. Bb2 Bg7 5. g3 b6 6. Bg2 Bb7 7. O-O O-O 8.
d4 cxd4 9. Qxd4 d6 10. Rd1 Nbd7 11. Nc3 Ne4 12. Qe3 Nxc3 13. Bxc3 Bxc3 14. Qxc3 Rc8 15. Qe3 Rc5 16. Rd4 Nf6 17. Rad1 b5 18.
cxb5 Rxb5 19. Ra4 a5 20. Nd4 Re5 21. Qd3 Bxg2 22. Kxg2 Qa8+ 23. Qf3 Qxf3+ 24. Nxf3 Rc5 25. Ne1 Rfc8 26. Rdd4 d5 27. f3 e5 28.
Rd2 e4 29. Kf2 Re8 30. Rc2 Rec8 31. Rxc5 Rxc5 32. Ke3 g5 33.
Kd2 Kf8 34. Ng2 Ke7 35. Ne3 h5 36. Nf5+ Kd7 37. Nd4 Ne8 38. Nf5 Nf6 39. h3 g4 40. fxg4 hxg4 41. h4 Nh5 42. e3 Kc7 43.
Rd4 Kd7 44. Ra4 Kc7 45. b4 axb4 46. Ra7+ Kd8 47. Rxf7 Ra5 48. Rh7 Rxa2+ 49. Kc1 Nf6 50. Rh6 Nd7 51. h5 Rh2 52. Rh8+ Kc7 53. h6 Nc5 54. Nd4 b3 55. Kb1 Rh1+ 56. Kb2 Rh2+ 57. Kb1 Rh1+ 58. Kb2 Rh2+ 1/2-1/2

[Variant "Standard"]
[Site "Europe Echecs"]

[Event "Champions Chess Tour Finals 2024"]
[Date "2024.12.18"]
[White "Nepomniachtchi, Ian"]
[Black "Lazavik, Denis"]
[WhiteElo "2758"]
[BlackElo "2553"]
[Round "5.3"]
[Result "1-0"]
[TimeControl "600+2"]

1. e4 c5 2. Nf3 Nc6 3. Bb5 e6 4. O-O Nge7 5. Re1 b6 6. c3 a6 7. Bf1 d5 8. e5 d4 9. Na3 Bb7 10. Nc4 Nd5 11. a4 Be7 12. Bd3 O-O 13. Be4 b5 14. Na3 Qb6 15. Qc2 h6 16. d3 Rfd8 17. Bd2 Rac8 18. Qc1 Bf8 19. c4 bxc4 20. Nxc4 Qc7 21. a5 Ncb4 22. Ra3 Rb8 23. h4 Ne7 24. h5 Bxe4 25. Rxe4 Qc6 26. Rg4 Nf5 27. Bxh6 Kh8 28. Bg5 Rd7 29. h6 Nxh6 30. Bxh6 gxh6 31. Qf4 Bg7 32. Nd6 Rf8 33.
Ne4 Nd5 34. Qg3 f5 35. exf6 Nxf6 36. Ne5 Nxe4 37. dxe4 Qc7 38. Ng6+ Kg8 39. Qh4 d3 40. Nxf8 d2 41. Rxg7+ Rxg7 42. Rd3 Qxa5 43. Nxe6 Qa1+ 44. Kh2 Qf1 45. Rd8+ Kh7 46. Nxg7 1-0

[Variant "Standard"]
[Site "Europe Echecs"]

[Event "Champions Chess Tour Finals 2024"]
[Date "2024.12.18"]
[White "Carlsen, Magnus"]
[Black "Firouzja, Alireza"]
[WhiteElo "2838"]
[BlackElo "2756"]
[Round "5.3"]
[Result "1/2-1/2"]
[TimeControl "600+2"]

1. Nf3 d5 2. g3 Nf6 3. Bg2 c5 4. O-O Nc6 5. d3 g6 6. Bf4 Nh5 7. Bd2 Bg7 8.
Qc1 O-O 9. Nc3 Nf6 10. e4 dxe4 11. dxe4 Bg4 12. h3 Bxf3 13.
Bxf3 Nd7 14. Bg2 Nde5 15. Bh6 Nd4 16. Bxg7 Kxg7 17. f4 Nec6 18. Rf2 c4 19. Nd5 Qd6 20. c3 Ne6 21. e5 Qc5 22. b4 cxb3 23. axb3 a5 24. Qe1 Rfd8 25. Rd1 Rd7 26. Kh2 Rad8 27. Rfd2 b5 28. Rd3 Qa7 29. b4 axb4 30. cxb4 Ncd4 31. Ra1 Nc2 32. Rxa7 Nxe1 33. Rxd7 Rxd7 34. Rd1 Nxg2 35. Kxg2 Nc7 36. Nc3 Rxd1 37. Nxd1 Nd5 38. Kf3 e6 39. Ke4 h5 40. h4 Nxb4 41. Nc3 Nc6 42. Nxb5 Ne7 43. Nd6 Nf5 44. Kf3 Kf8 45. Ne4 Kg7 46. Ng5 Kf8 47. Ne4 Kg7 48. g4 hxg4+ 49. Kxg4 Nh6+ 50. Kg5 Nf5 51. Nf6 Nd4 52. Kg4 Nf5 53. Kg5 Nd4 54. h5 gxh5 55.
Nxh5+ Kf8 56. Kf6 Ne2 57. Kg5 Nd4 58. Ng3 Kg7 1/2-1/2

[Variant "Standard"]
[Site "Europe Echecs"]

[Event "Champions Chess Tour Finals 2024"]
[Date "2024.12.18"]
[White "Firouzja, Alireza"]
[Black "Vachier-Lagrave, Maxime"]
[WhiteElo "2756"]
[BlackElo "2763"]
[Round "6.1"]
[Result "1-0"]
[TimeControl "600+2"]

1. Nf3 d5 2. c4 d4 3. b4 g5 4. h3 h6 5. d3 Bg7 6. g3 e5 7. Bg2 Ne7 8.
Nbd2 O-O 9. Qb3 Be6 10. Ne4 Nd7 11. g4 Ng6 12. h4 gxh4 13. g5 f5 14. gxh6 fxe4 15. Ng5 e3 16. Nxe6 Qf6 17. c5 Qxf2+ 18. Kd1 Bxh6 19. Nxf8+ Kxf8 20. Rf1 Qxf1+ 21. Bxf1 Ke7 22. Bh3 1-0

[Variant "Standard"]
[Site "Europe Echecs"]

[Event "Champions Chess Tour Finals 2024"]
[Date "2024.12.18"]
[White "Nepomniachtchi, Ian"]
[Black "Keymer, Vincent"]
[WhiteElo "2758"]
[BlackElo "2649"]
[Round "6.1"]
[Result "1-0"]
[TimeControl "600+2"]

1. e4 e5 2. Nf3 Nc6 3. Bc4 Nf6 4. d3 Bc5 5. Nc3 h6 6. a3 d6 7. Na4 Bb6 8.
O-O O-O 9. h3 Re8 10. Re1 Nd4 11. Nxd4 Bxd4 12. c3 Bb6 13.
Nxb6 axb6 14. Bb3 Be6 15. Bc2 d5 16. Qf3 dxe4 17. dxe4 Nd7 18. Qg3 Qf6 19. f4 Nc5 20. fxe5 Qg6 21. Qxg6 fxg6 22. Be3 Bb3 23. Bxb3+ Nxb3 24. Rad1 Rxe5 25. Rd7 Rxe4 26. Bf2 Rxe1+ 27. Bxe1 Rc8 28. Bg3 Nc5 29. Re7 Kf8 30. Rxc7 Rxc7 31. Bxc7 Nd3 32. b3 b5 33.
Kf1 Ke7 34. Bb6 g5 35. Be3 Ke6 36. Ke2 Nf4+ 37. Kf3 Nd5 38. Bd4 g6 39. g3 Ne7 40. Ke4 Nc6 41. Bg7 h5 42. Bh6 g4 43. hxg4 hxg4 44. a4 bxa4 45. bxa4 Ne5 46. Bf4 Nc6 47. Be3 Ne7 48. c4 Nc6 49. Bf4 Na5 50.
Kd4 Nb3+ 51. Kc3 Nc5 52. a5 g5 53. Bb8 Na6 54. Ba7 Nc7 55. Kd4 Ne8 56. Bb8 Ng7 57. Kc5 Kd7 58. Be5 Nf5 59. Kb6 Kc8 60. c5 Ne7 61. c6 Nxc6 62.
a6 bxa6 63. Kxc6 a5 64. Kb5 1-0

[Variant "Standard"]
[Site "Europe Echecs"]

[Event "Champions Chess Tour Finals 2024"]
[Date "2024.12.18"]
[White "Carlsen, Magnus"]
[Black "Aronian, Levon"]
[WhiteElo "2838"]
[BlackElo "2818"]
[Round "6.1"]
[Result "1-0"]
[TimeControl "600+2"]

1. e4 c5 2. Nf3 d6 3. d4 cxd4 4. Nxd4 Nf6 5. Nc3 a6 6. Be2 e5 7. Nb3 Be7 8.
Bg5 Be6 9. Bxf6 Bxf6 10. Qd3 O-O 11. O-O-O Be7 12. Nd5 Bxd5 13. Qxd5 Qb6 14. Rhf1 Nd7 15. Nd2 Bg5 16. Kb1 Nf6 17. Qb3 Qc7 18.
Nc4 b5 19. Nxd6 Rad8 20. Qa3 Qc6 21. f3 g6 22. c4 b4 23. Qxb4 Be3 24. Nb7 Rb8 25.
Na5 Qc7 26. Qa4 Rb6 27. Nb3 Bc5 28. Nxc5 Qxc5 29. Rd2 Rfb8 30. Rfd1 Kg7 31. Rc2 a5 32. a3 h5 33. h4 Rb3 34. Ka2 Qb6 35.
Rdd2 Nd7 36. Qxd7 Rxa3+ 37. Kb1 Qb3 38. Rd3 Qa2+ 39. Kc1 Qa1+ 40. Kd2 Ra2 41. b3 a4 42. Rxa2 Qxa2+ 43. Ke3 axb3 44. Qc7 b2 45.
Qxe5+ Kh7 46. Rd7 Rf8 47. Bd3 b1=Q 48. Bxb1 Qxb1 49. Kf2 Qc2+ 50. Kg3 Qxc4 51. Qd5 Qxd5 52. exd5 Kg7 53. Kf4 Re8 54. Ra7 Re2 55.
g4 hxg4 56. fxg4 Kf8 57. d6 Ke8 58. Kg5 Re4 59. Ra8+ Kd7 60. Rf8 f5 61. gxf5 gxf5 62. h5 Kxd6 63. h6 Rg4+ 64. Kh5 Rg2 65. h7 Rh2+ 66. Kg6 f4 67. h8=Q 1-0

[Variant "Standard"]
[Site "Europe Echecs"]

[Event "Champions Chess Tour Finals 2024"]
[Date "2024.12.18"]
[White "So, Wesley"]
[Black "Lazavik, Denis"]
[WhiteElo "2826"]
[BlackElo "2553"]
[Round "6.1"]
[Result "0-1"]
[TimeControl "600+2"]

1. e4 c5 2. Nf3 Nc6 3. d4 cxd4 4. Nxd4 Nf6 5. Nc3 e5 6. Ndb5 d6 7. Nd5 Nxd5 8.
exd5 Nb8 9. Qf3 a6 10. Qa3 Be7 11. Bd2 O-O 12. Bb4 axb5 13. Qxa8 Na6 14. Bd2 Bg5 15. Bxg5 Qxg5 16. Bxb5 Qxg2 17. O-O-O Qxf2 18. Rd2 Qf4 19. Rf1 Qh6 20. Bxa6 bxa6 21. Qa7 f5 22. Rg1 f4 23.
Kb1 e4 24. Rd4 Bf5 25. Rb4 e3 26. Rb7 g6 27. Re7 Qxh2 28. Rc1 Qh6 29. a4 g5 30. Qxa6 Qf6 31. Qa7 g4 32. Rf1 Bg6 33.
Rxe3 f3 34. Rg1 f2 35. Rf1 Rf7 36. Qb6 Kg7 37. a5 Qf4 38. Qb3 h5 39. Qc3+ Kh6 40.
Re6 g3 41. Qh8+ Kg5 42. Qd8+ Rf6 43. Rd1 f1=R 44. Rxf1 Qxf1+ 45. Ka2 g2 46. Qxd6 Rxe6 47. dxe6 g1=Q 48. Qe5+ Qf5 0-1

[Variant "Standard"]
[Site "Europe Echecs"]

[Event "Champions Chess Tour Finals 2024"]
[Date "2024.12.18"]
[White "Vachier-Lagrave, Maxime"]
[Black "Firouzja, Alireza"]
[WhiteElo "2763"]
[BlackElo "2756"]
[Round "6.2"]
[Result "1/2-1/2"]
[TimeControl "600+2"]

1. e4 e5 2. Nf3 Nf6 3. Nxe5 d6 4. Nf3 Nxe4 5. d4 d5 6. Bd3 Be7 7. O-O Bf5 8.
c4 Nc6 9. Nc3 Nxc3 10. bxc3 Bxd3 11. Qxd3 dxc4 12. Qxc4 O-O 13. Rb1 Bd6 14. Qd3 b6 15. Ng5 g6 16. Qh3 h5 17. g4 Be7 18. Rb5 Qd7 19. gxh5 Qxh3 20. Nxh3 a6 21. Rd5 Rad8 22. Rxd8 Rxd8 23. hxg6 fxg6 24. Re1 Kf7 25. Nf4 Bd6 26. Ne6 Rh8 27. Bf4 Bxf4 28. Nxf4 Nd8 29. Kg2 g5 30.
Nd3 Kf6 31. f4 Ne6 32. fxg5+ Nxg5 33. Re3 Ne6 34. d5 Ng7 35.
Re4 Nf5 36. Re6+ Kg5 37. Ne5 Ne3+ 38. Kf3 Nxd5 39. Nf7+ Kf5 40. Re5+ Kf6 41. Rxd5 Kxf7 42. Kg3 Ke6 43. Rd4 c5 44. Ra4 Rg8+ 45.
Kf3 Rh8 46. h4 a5 47. Re4+ Kf5 48. a4 Rd8 49. Rf4+ Kg6 50. Kg4 Rd6 51. Re4 Kh6 52. Kf5 Rd3 53. Rc4 Kh5 54. Ke4 Rd1 55. Ke3 Rd8 56. Rf4 Rd6 57. Ke4 Rd1 58. Ke5 Rd2 59. Rf6 Rb2 60. Kd5 Kxh4 61. Kc4 Kg5 62. Rf1 Kg4 63. Kd5 Rb3 64. Rc1 Kf4 65. Kc4 Rb2 66. Re1 Kf5 67. Kd5 Rb3 68. c4 Rb4 69. Rf1 Kg5 70. Kc6 Rxa4 71. Kxb6 Rxc4 72. Kxa5 1/2-1/2

[Variant "Standard"]
[Site "Europe Echecs"]

[Event "Champions Chess Tour Finals 2024"]
[Date "2024.12.18"]
[White "Keymer, Vincent"]
[Black "Nepomniachtchi, Ian"]
[WhiteElo "2649"]
[BlackElo "2758"]
[Round "6.2"]
[Result "1-0"]
[TimeControl "600+2"]

1. c4 e5 2. g3 c6 3. d4 Bb4+ 4. Bd2 Bxd2+ 5. Qxd2 d6 6. Nc3 Nf6 7. O-O-O e4 8. f3 Qe7 9. Qf4 exf3 10. Nxf3 d5 11. e4 dxe4 12. Re1 O-O 13. Nxe4 Nxe4 14. Rxe4 Qb4 15. Bd3 Nd7 16.
a3 Qa4 17. Qh4 h6 18. g4 Nf6 19. Rf4 Qb3 20. Rd1 Nxg4 21. Rxg4 Bxg4 22. Qxg4 f5 23. Qg3 Rae8 24. Ne5 Rf6 25. c5 Kh8 26.
Rg1 Re7 27. h4 b5 28. h5 Kg8 29. Bc2 Qxg3 30. Rxg3 g5 31. hxg6 Kg7 32. Rf3 f4 33. Be4 h5 34. Kd2 Kh6 35. Kd3 h4 36. Ng4+ 1-0

[Variant "Standard"]
[Site "Europe Echecs"]

[Event "Champions Chess Tour Finals 2024"]
[Date "2024.12.18"]
[White "Aronian, Levon"]
[Black "Carlsen, Magnus"]
[WhiteElo "2818"]
[BlackElo "2838"]
[Round "6.2"]
[Result "1/2-1/2"]
[TimeControl "600+2"]

1. e4 c5 2. Nf3 e6 3. d3 Nc6 4. g3 g6 5. Bg5 f6 6. Be3 d5 7. exd5 exd5 8.
d4 c4 9. Bg2 Bd6 10. O-O Nge7 11. Bh6 Nf5 12. Re1+ Kf7 13. Bd2 h5 14. Nc3 Nce7 15. b3 cxb3 16. axb3 Bd7 17. Qe2 a6 18.
Na4 Rc8 19. c4 Re8 20. c5 Bc7 21. Nc3 Nc6 22. Qd3 Nb4 23. Rxe8 Qxe8 24. Qb1 Ne7 25. Nh4 Be6 26. Ne2 Nbc6 27. b4 Qd7 28. Be3 Rh8 29. Nc3 Bh3 30. Bxd5+ Kg7 31. Be4 Nxd4 32. Bxb7 Rb8 33. Be4 Be5 34. Bxg6 Ndc6 35. Ra3 Rxb4 36. Qd3 Rxh4 37. Qxd7 Bxd7 38. gxh4 Kxg6 39. Ne4 a5 40. Bd2 Bd4 41. Bxa5 Nxa5 42. Rxa5 Nc6 43. Ra6 Kf5 44. Ng3+ Kg6 45. Ne2 Bxc5 46. Nf4+ Kh6 47. Kg2 Bd6 48.
Nd5 Kg6 49. f3 Kf7 50. Nb6 Be8 51. Nc4 Bf4 52. Ra3 Nd4 53. Ra5 Bc6 54. Kf2 Bxf3 55. Ne3 Bxe3+ 56. Kxe3 Nc6 57. Rc5 Ne5 58.
Rc3 Bd5 1/2-1/2

[Variant "Standard"]
[Site "Europe Echecs"]

[Event "Champions Chess Tour Finals 2024"]
[Date "2024.12.18"]
[White "Lazavik, Denis"]
[Black "So, Wesley"]
[WhiteElo "2553"]
[BlackElo "2826"]
[Round "6.2"]
[Result "1/2-1/2"]
[TimeControl "600+2"]

1. d4 Nf6 2. c4 e6 3. Nf3 d5 4. Nc3 Nbd7 5. Bg5 h6 6. Bh4 Be7 7. e3 O-O 8.
Rc1 a6 9. cxd5 exd5 10. Bd3 Re8 11. O-O c6 12. Bg3 Nh5 13. Nxd5 Nxg3 14. Nxe7+ Qxe7 15. hxg3 Nf6 16. Qc2 Be6 17. Bc4 Nd5 18.
a3 Rad8 19. Rfe1 Nc7 20. Bxe6 Nxe6 21. Rcd1 Ng5 22. Nxg5 hxg5 23. Qb3 Rd7 24. d5 cxd5 25. Rxd5 Qe6 26. Rd3 Qxb3 27. Rxb3 Rc8 28. Rc3 Rxc3 29. bxc3 Kf8 30. a4 Ke7 31. Kf1 Rc7 32. Rb1 Ke8 33.
Ke2 Rxc3 34. Rxb7 Rc4 35. Rb8+ Ke7 36. Rb7+ Ke8 1/2-1/2

[Variant "Standard"]
[Site "Europe Echecs"]